 Dungeon Crawl Stone Soup version 0.31-a0-978-g1e143483b6 (webtiles) character file.

Game seed: 15469178275320883383

34962 Gargoyl the Protected (level 13, -2/84 HPs)
             Began as a Gargoyle Berserker on Oct 30, 2023.
             Was a Priest of Trog.
             Splashed by a goliath frog's acid (9 damage)
             ... on level 5 of the Lair of Beasts.
             The game lasted 00:19:17 (13128 turns).

Gargoyl the Protected (Gargoyle Berserker)         Turns: 13128, Time: 00:19:17

Health: -2/84      AC: 23    Str: 21    XL:     13   Next: 80%
Magic:  13/13      EV: 14    Int: 13    God:    Trog [***...]
Gold:   510        SH:  0    Dex: 22    Spells: 12/12 levels left

rFire   + . .        p - +3 hand axe (elec)
rCold   . . .        (no shield)
rNeg    + . .        b - +1 chain mail
rPois   ∞            r - +2 helmet
rElec   +            g - +2 cloak
rCorr   .            (no gloves)
SInv    .            (no boots)
Will    ++...        E - amulet of Elyvilon, Kissing {RegenMP Rampage Int+4 Dex+3} Stlth
                     m - +6 ring of dexterity
HPRegen 1.34/turn    q - ring of protection from fire
MPRegen 0.53/turn

%: rampage
@: strong-willed, corroded, on berserk cooldown, regenerating, slowed, very slow
A: sickness immunity, AC +9, negative energy resistance 1, electricity
resistance, torment resistance 1, petrification resistance
a: Renounce Religion, Berserk, Trog's Hand


You were on level 5 of the Lair of Beasts.
You worshipped Trog.
Trog was most pleased with you.
You visited 2 branches of the dungeon, and saw 16 of its levels.

You collected 720 gold pieces.
You spent 210 gold pieces at shops.

Inventory:

Hand Weapons
 a - a +0 hand axe of freezing
 p - a +3 hand axe of electrocution (weapon)
 H - a +2 whip of electrocution
Missiles
 A - 19 poisoned darts
 B - 5 curare-tipped darts (quivered)
Armour
 b - a +1 chain mail (worn)
 g - a +2 cloak (worn)
 r - a +2 helmet (worn)
Jewellery
 f - a ring of protection from cold
 m - a +6 ring of dexterity (left hand)
 q - a ring of protection from fire (right hand)
 t - a +6 ring of intelligence
 y - a ring of ice
 E - the amulet of Elyvilon, Kissing (around neck) {RegenMP Rampage Int+4 Dex+3}
   (You found it on level 9 of the Dungeon)

   [amulet of magic regeneration]

   RegenMP:   It increases your rate of magic regeneration.
   Int+4:     It affects your intelligence (+4).
   Dex+3:     It affects your dexterity (+3).
   Rampage:   It bestows one free step when moving towards enemies.
 K - a ring of protection from cold
 L - a +6 ring of strength
 M - a ring of ice
 O - an amulet of the acrobat
Wands
 d - a wand of charming (35)
 h - a wand of flame (6)
 n - a wand of iceblast (15)
 v - a wand of light (22)
 J - a wand of mindburst (10)
Scrolls
 j - a scroll of enchant weapon
 k - 8 scrolls of teleportation
 l - a scroll of blinking
 D - 2 scrolls of revelation
 F - 2 scrolls of vulnerability
 G - 2 scrolls of identify
 I - a scroll of fear
 N - a scroll of brand weapon
Potions
 c - 5 potions of curing
 e - 2 potions of haste
 i - a potion of lignification
 o - 3 potions of heal wounds
 s - a potion of attraction
 u - a potion of ambrosia
 w - 2 potions of berserk rage
 x - 3 potions of mutation {unknown}
 z - a potion of invisibility {unknown}
 C - 2 potions of resistance {unknown}


   Skills:
 + Level 11.4 Fighting
 + Level 12.9 Axes
 + Level 1.8(9.2) Maces & Flails
 + Level 0.7 Throwing
 * Level 14.1 Armour
 * Level 8.3 Dodging
 + Level 2.0 Stealth


You had 12 spell levels left.
You didn't know any spells.
Your spell library was empty.

Dungeon Overview and Level Annotations

Branches:
Dungeon (11/15)            Temple (0/1) D:6            Lair (5/5) D:9
 Shoals (0/4) Lair:2       Spider (0/4) Lair:3
  Slime: Lair:4-5       Orc: D:9-12

Altars:
Ru

Shops:
D:6 [


Innate Abilities, Weirdness & Mutations

You are immune to sickness and miasma.
Your stone body is resilient. (AC +9)
You are immune to poison.
You resist negative energy. (rN+)
You are resistant to electric shocks. (rElec)
You are resistant to unholy torment.
You are immune to petrification.


Message History

You barely miss the six-headed hydra.
The six-headed hydra is almost dead.
The six-headed hydra misses you. The six-headed hydra bites you!
The six-headed hydra bites you but does no damage. x2
The six-headed hydra misses you.
The six-headed hydra bites you but does no damage.
You whack the six-headed hydra!
Lightning courses through the six-headed hydra!
You kill the six-headed hydra!
Trog accepts your kill.
Unknown command.
Unknown command.
You feel a strong urge to attack something.
You are no longer berserk.
You are exhausted.
You feel yourself slow down.
Your skin crawls.
You feel strong-willed.
You can no longer call in reinforcements.
The goliath frog hits you but does no damage.
The goliath frog hits you from afar. The acid corrodes you!
You are splashed with acid!
Your +2 whip of electrocution stops crackling.
You hear the crackle of electricity.
p - a +3 hand axe of electrocution (weapon)
You rampage towards the goliath frog!
You hit the goliath frog but do no damage.
The goliath frog hits you! The acid corrodes you!
You are splashed with acid.
The goliath frog completely misses you.
You hit the goliath frog.
The goliath frog is lightly wounded.
The goliath frog hits you! The acid corrodes you!
You are splashed with acid!
* * * LOW HITPOINT WARNING * * *
You closely miss the goliath frog.
The goliath frog is lightly wounded.
A blink frog comes into view.
The goliath frog hits you!
* * * LOW HITPOINT WARNING * * *
You are splashed with acid!
You die...

~~~.
##....#.÷.#.###.......###.#
P~.~##.††...#.#######...#### .
~P~...††......##.#P#.......##
≈≈~.~†........†................
~~~P~......†...................
Py..........................###
~P~........................P.#
~~~........................P...
~~~............F@..............
##~...P..).....#....#......#..
#≈~..#....#....##...####..##
#~~..##....#F#.##...# ~~.~.
#...#..⌠......# ~.
...###.....#..P# .# ...... #...
.. #...


You could see a goliath frog and a blink frog (wandering).

Vanquished Creatures
  3 hydras
  A boulder beetle (Lair:4)
  The ghost of Ralffi009 the Carver, a novice MiFi of Zin (D:9)
  2 skysharks (Lair:3)
  A goliath frog (Lair:5)
  A cyclops (D:11)
  A manticore (D:9)
  A deep elf pyromancer (D:9)
  Joseph (D:9)
  8 elephants (Lair:5)
  A black mamba (Lair:5)
  10 cane toads
  4 rime drakes
  9 komodo dragons
  4 polar bears
  2 trolls (D:11)
  Prince Ribbit (D:5)
  A tyrant leech (Lair:5)
  19 blink frogs
  2 jumping spiders (Lair:3)
  A culicivora (Lair:3)
  4 wyverns
  A vampire (D:9)
  34 yaks
  3 basilisks
  2 steam dragons
  3 vampire mosquitoes (Lair:5)
  2 redbacks (Lair:3)
  An acid dragon (D:5)
  13 water moccasins
  4 orc warriors
  3 black bears
  A sky beast (D:7)
  3 ice beasts
  3 wolves (Lair:1)
  7 centaurs
  2 ogres
  A phantom (D:5)
  A gnoll sergeant (D:9)
  7 kobold brigands
  12 bullfrogs
  4 scorpions
  A killer bee (D:9)
  An electric eel (Lair:2)
  4 howler monkeys (D:9)
  9 crimson imps (D:8)
  3 hounds
  2 jellies
  6 orc priests
  3 sleepcaps
  6 iguanas
  7 orc wizards
  9 adders
  6 gnolls
  A white imp (D:8)
  2 ufetubi (D:7)
  A worm (D:4)
  9 dart slugs
  45 orcs
  5 ball pythons
  3 endoplasms
  7 giant cockroaches
  5 goblins
  6 hobgoblins
  4 jackals (D:3)
  4 quokkas
  2 bats (D:1)
  3 frilled lizards
  32 kobolds
  5 rats
  A butterfly (D:6)
377 creatures vanquished.

Vanquished Creatures (collateral kills)
  2 yaks (Lair:4)
  A basilisk (Lair:4)
  A water moccasin (Lair:4)
  A bullfrog (Lair:4)
5 creatures vanquished.

Grand Total: 382 creatures vanquished

Notes
Turn   | Place    | Note
-------+----------+-------------------------------------------
     0 | D:1      | Gargoyl the Gargoyle Berserker began the quest for the Orb.
     0 | D:1      | Reached XP level 1. HP: 14/14 MP: 1/1
    91 | D:1      | Reached XP level 2. HP: 19/19 MP: 2/2
   951 | D:1      | Reached XP level 3. HP: 21/24 MP: 3/3
  1258 | D:2      | Found a faded altar of an unknown god.
  1337 | D:2      | Reached ** piety under Trog
  1863 | D:2      | Reached XP level 4. HP: 29/29 MP: 4/4
  2202 | D:3      | Reached XP level 5. HP: 10/33 MP: 5/5
  2204 | D:3      | Reached skill level 3 in Armour
  2328 | D:3      | Found a sacrificial altar of Ru.
  2669 | D:4      | Reached XP level 6. HP: 38/39 MP: 6/6
  3026 | D:5      | Entered Level 5 of the Dungeon
  3045 | D:5      | Noticed a water moccasin
  3057 | D:5      | Killed a water moccasin
  3058 | D:5      | Reached skill level 4 in Armour
  3058 | D:5      | Reached XP level 7. HP: 43/44 MP: 7/7
  3161 | D:5      | Reached skill level 1 in Stealth
  3168 | D:5      | Reached skill level 5 in Axes
  3176 | D:5      | Reached skill level 5 in Armour
  3328 | D:5      | Reached *** piety under Trog
  3329 | D:5      | Reached XP level 8. HP: 32/48 MP: 8/8
  3418 | D:5      | Reached skill level 5 in Fighting
  3596 | D:5      | HP: 2/73 [ogre/+0 giant club (18)]
  3738 | D:5      | Noticed Prince Ribbit
  3747 | D:5      | Killed Prince Ribbit
  3748 | D:5      | Reached skill level 6 in Armour
  3810 | D:5      | HP: 1/75 [acid dragon/splash of acid (19)]
  4159 | D:7      | Identified the +1 ring mail "Tarugy" {rElec Dex-5 Slay+2
                  | Stlth+}
  4273 | D:7      | Reached skill level 7 in Armour
  4273 | D:7      | Reached XP level 9. HP: 54/55 MP: 9/9
  4645 | D:6      | Found Zimuuv's Antique Armour Boutique.
  4698 | D:6      | Bought a glowing helmet for 210 gold pieces
  4721 | D:6      | Found a staircase to the Ecumenical Temple.
  5022 | D:6      | Reached skill level 8 in Armour
  5864 | D:8      | Reached XP level 10. HP: 50/61 MP: 10/10
  6087 | D:8      | Reached skill level 5 in Dodging
  6134 | D:9      | Reached skill level 9 in Armour
  6165 | D:9      | Noticed Joseph
  6183 | D:9      | Killed Joseph
  6183 | D:9      | Noticed a manticore
  6196 | D:9      | Killed a manticore
  6205 | D:9      | Identified the +0 leather armour of Restlessness {rC- rN+
                  | Dex+6 Stlth+}
  6205 | D:9      | Noticed a deep elf pyromancer
  6273 | D:9      | You fall into a shaft and drop 2 floors!
  6298 | D:11     | Noticed a cyclops
  6317 | D:11     | Killed a cyclops
  6350 | D:10     | Entered Level 10 of the Dungeon
  6458 | D:9      | Killed a deep elf pyromancer
  6459 | D:9      | Reached skill level 10 in Armour
  6465 | D:9      | Identified the amulet of Elyvilon, Kissing {RegenMP Rampage
                  | Int+4 Dex+3}
  6693 | D:9      | Reached XP level 11. HP: 68/68 MP: 11/11
  6694 | D:9      | Reached **** piety under Trog
  6804 | D:9      | Found a runed translucent gate.
  6804 | D:9      | Found a runed translucent gate.
  6804 | D:9      | Noticed Ralffi009's ghost (novice MiFi)
  6808 | D:9      | Found a runed translucent gate.
  6993 | D:9      | Found a staircase to the Lair.
  7208 | D:9      | Killed Ralffi009's ghost
  7209 | D:9      | Reached skill level 10 in Axes
  7276 | Lair:1   | Entered Level 1 of the Lair of Beasts
  7604 | Lair:1   | Reached skill level 11 in Armour
  8221 | Lair:1   | You fall into a shaft and drop 1 floor!
  8503 | Lair:2   | Reached XP level 12. HP: 72/76 MP: 12/12
  8819 | Lair:2   | Found a staircase to the Shoals.
  9313 | Lair:3   | Noticed a seven-headed hydra
  9579 | Lair:3   | Reached skill level 12 in Armour
  9638 | Lair:3   | Noticed a seven-headed hydra
  9650 | Lair:3   | Killed a seven-headed hydra
  9941 | Lair:3   | Noticed a skyshark
  9962 | Lair:3   | Killed a skyshark
 10159 | Lair:3   | Found a hole to the Spider Nest.
 10186 | Lair:3   | Reached skill level 1 in Maces & Flails
 10480 | Lair:3   | Killed a seven-headed hydra
 10481 | Lair:3   | Reached skill level 10 in Fighting
 10708 | Lair:3   | Noticed a skyshark
 10720 | Lair:3   | Killed a skyshark
 11163 | Lair:4   | Reached skill level 13 in Armour
 11330 | Lair:4   | Noticed a boulder beetle
 11350 | Lair:4   | Reached XP level 13. HP: 83/83 MP: 13/13
 12486 | Lair:5   | Entered Level 5 of the Lair of Beasts
 12943 | Lair:5   | Reached skill level 14 in Armour
 12967 | Lair:5   | HP: 4/84 [cane toad (10)]
 13128 | Lair:5   | Splashed by a goliath frog's acid

Illustrated notes

Levels and vault maps discovered:
D:1:      lightli_arrival_statue_moat, layout_basic
D:2:      layout_loops_corners, nicolae_ecumenical_pavilion
D:3:      layout_rooms, nicolae_ru_path_of_blood
D:4:      layout_rooms, serial_glass, glass_columns_b, glass_columns_b,
          glass_columns_a, glass_columns_b, glass_columns_c, glass_columns_a,
          glass_columns_c, glass_columns_a, glass_columns_a, glass_columns_a,
          minmay_misc_feat_pillars
D:5:      cheibrodos_barr_body, layout_rooms, uniq_prince_ribbit1
D:6:      cheibrodos_thug_alley, layout_rooms, minmay_temple_entry_butterflies,
          serial_shops, shop
D:7:      layout_basic
D:8:      layout_rooms, special_room [special_room_orc], minmay_nine_imps
D:9:      layout_cave_pools, david_lair_shrubbed, ebering_ghost_rock_garden,
          hex_tiny, minmay_mirror_moons_of_madness, uniq_joseph
D:10:     layout_rooms, grunt_temple_overflow_diamond, serial_shops, shop,
          kennysheep_mini_moat, minmay_misc_feat_iff, lemuel_flamethrower_hall,
          uniq_erolcha
D:11:     layout_cave_pools
Lair:1:   layout_long_grid, chequers_serial_rivers_micro_c
Lair:2:   layout_cave_pods, minmay_shoals_entry_centaurs,
          infiniplex_staircase_pool
Lair:3:   layout_regular_city, nicolae_spider_entry_tight_spaces,
          grunt_megastairs_3, serial_bayou_shore_b
Lair:4:   layout_regular_city, grunt_megastairs_2
Lair:5:   minmay_lair_end_frog_pond, layout_long_grid, slime_entry_1,
          ebering_ghost_inner_flame, grunt_megastairs_5

Skill      XL: |  1  2  3  4  5  6  7  8  9 10 11 12 13 |
---------------+----------------------------------------+-----
Axes           | 3 4 5 6 8 9 10 11 12 | 12.9
Dodging        | 2 3 4 5 6 7 8 |  8.3
Fighting       | 4 5 6 8 9 10 11 | 11.4
Armour         | 3 4 5 7 8 10 11 13 14 | 14.1
Stealth        | 1 2 |  2.0
Maces & Flails | 1 |  1.8
Throwing       | |  0.7

Action                     |  1- 3 |  4- 6 |  7- 9 | 10-12 | 13-15 || total
---------------------------+-------+-------+-------+-------+-------++-------
  Melee: Hand axe          |   131 |   112 |   330 |   562 |   328 ||  1463
         Punch             |     1 |     1 |     8 |    13 |     7 ||    30
         Whip              |       |       |       |    23 |    11 ||    34
  Throw: Dart              |       |       |       |     3 |       ||     3
 Invoke: Berserk           |     2 |     2 |     8 |    12 |     7 ||    31
         Trog's Hand       |       |     2 |     7 |     9 |     7 ||    25
         Brothers in Arms  |       |       |       |     2 |       ||     2
    Use: Scroll            |     3 |     4 |    12 |    12 |     2 ||    33
         Potion            |       |       |       |       |     2 ||     2
   Stab: Distracted        |       |       |       |       |     1 ||     1
 Armour: Animal skin       |    30 |       |       |       |       ||    30
         Chain mail        |    50 |    90 |   332 |   581 |   319 ||  1372
         Ring mail         |     1 |       |       |       |       ||     1
  Dodge: Dodged            |    75 |    51 |   180 |   437 |   286 ||  1029

Table legend: (Time is in decaauts)
 A = Elapsed time spent in this place.
 B = Non-inter-level travel time spent in this place.
 C = Inter-level travel time spent in this place.
 D = Time resting spent in this place.
 E = Time spent auto-exploring this place.
 F = Levels seen in this place.
 G = Mean time per level.
                   A        B        C        D        E       F      G
               +--------+--------+--------+--------+--------+-----+--------+
         Total |  13175 |  12727 |    448 |   1110 |   8355 |  16 |  823.4 |
       Dungeon |   7476 |   7193 |    283 |    593 |   4465 |  11 |  679.6 |
          Lair |   5699 |   5534 |    165 |    516 |   3890 |   5 | 1139.8 |
               +--------+--------+--------+--------+--------+-----+--------+

Top non-repeatable levels by time:
  Lair:3: 1698 daAuts
  Lair:4: 1431 daAuts
     D:1: 1275 daAuts
  Lair:1: 1214 daAuts
     D:5: 1134 daAuts
     D:9: 1053 daAuts
  Lair:2: 875 daAuts
     D:2: 822 daAuts
     D:8: 750 daAuts
     D:7: 732 daAuts
     D:6: 603 daAuts
     D:4: 568 daAuts
  Lair:5: 479 daAuts
     D:3: 413 daAuts
    D:11: 83 daAuts
